 Dungeon Crawl Stone Soup version 0.31-a0-750-gfe7b580527 (webtiles) character file.

Game seed: 13816108955334018288

1555 Midn8 the Skirmisher (level 8, -1/45 HPs)
             Began as a Deep Elf Brigand on Sept 14, 2023.
             Was a Follower of Hepliaklqana.
             Slain by Duvessa
             ... wielding a +0 short sword of holy wrath
              (7 damage)
             ... on level 7 of the Dungeon.
             The game lasted 00:23:01 (6360 turns).

Midn8 the Skirmisher (Deep Elf Brigand)             Turns: 6360, Time: 00:23:02

Health: -1/45      AC:  5    Str:  8    XL:     8   Next: 58%
Magic:  10/10      EV: 16    Int: 17    God:    Hepliaklqana [*.....]
Gold:   111        SH:  0    Dex: 24    Spells: 7/7 levels left

rFire   . . .        b - +0 sling
rCold   . . .        (no shield)
rNeg    . . .        i - +0 robe
rPois   .            (no helmet)
rElec   .            c - +0 cloak
rCorr   .            (no gloves)
SInv    .            u - +1 pair of boots {rampage}
Will    .....        g - amulet of the acrobat
Stlth   +++          f - +6 ring of dexterity
HPRegen 0.27/turn    (no ring)
MPRegen 0.12/turn

%: acrobat, rampage
@: no status effects
A: reduced essence
a: Renounce Religion, Recall Ancestor, Ancestor Identity


You were on level 7 of the Dungeon.
You worshipped Hepliaklqana.
Hepliaklqana was aware of your devotion.
You visited 2 branches of the dungeon, and saw 8 of its levels.

You collected 306 gold pieces.
You spent 195 gold pieces at shops.

Inventory:

Hand Weapons
 a - a +1 short sword of electrocution
 b - a +0 sling (weapon)
 r - a +2 dagger
Missiles
 d - 17 poisoned darts
Armour
 c - a +0 cloak (worn)
 i - a +0 robe (worn)
 u - a +1 pair of boots of rampaging (worn)
Jewellery
 f - a +6 ring of dexterity (left hand)
 g - an amulet of the acrobat (around neck)
 k - a +6 ring of intelligence
 q - a +4 ring of protection
Wands
 x - a wand of roots (11)
Scrolls
 h - a scroll of poison {unknown}
 n - 3 scrolls of teleportation
 o - 3 scrolls of amnesia
 p - 2 scrolls of revelation
 s - a scroll of vulnerability {unknown}
 v - a scroll of enchant armour {unknown}
 y - a scroll of identify
Potions
 j - a potion of haste
 l - 3 potions of attraction
 m - a potion of curing
 t - a potion of heal wounds
 w - a potion of magic {unknown}
 z - a potion of enlightenment {unknown}


   Skills:
 + Level 5.5 Fighting
 - Level 2.0 Short Blades
 - Level 10.0 Ranged Weapons
 - Level 2.0 Throwing
 - Level 5.0 Dodging
 - Level 4.8 Stealth


You had 7 spell levels left.
You didn't know any spells.
Your spell library contained the following spells:

 Spells                   Type           Power      Damage    Failure   Level
 Sublimation of Blood     Necr           0%         N/A       34%         2
 Wereblood                Tmut           0%         N/A       34%         2
 Animate Dead             Necr           0%         N/A       93%         4
 Petrify                  Tmut/Erth      0%         N/A       93%         4
 Irradiate                Conj/Tmut      0%         3d11      100%        5
 Haunt                    Necr/Summ      0%         N/A       100%        7
 Summon Hydra             Summ           0%         N/A       100%        7
 Infestation              Necr           0%         N/A       100%        8


Dungeon Overview and Level Annotations

Branches:
Dungeon (7/15)             Temple (1/1) D:4

Altars:
Ashenzari
Dithmenos
Elyvilon
Fedhas
Gozag
Hepliaklqana
Kikubaaqudgha
Makhleb
Nemelex Xobeh
Okawaru
Qazlal
Ru
Sif Muna
Trog
Uskayaw
Vehumet
Wu Jian
Xom
Yredelemnul
Zin
The Shining One

Shops:
D:5 [

Annotations:
D:5 1 runed translucent door, exclusion: centaur, Crazy Yiuf
D:6 1 transporter, hgbash's ghost, novice DrCj
D:7 Dowan; Duvessa


Message History

Duvessa says, "I don't care about looks, I care about technique!"
Duvessa hits you with a +0 short sword of holy wrath.
Duvessa attacks as she pursues you! Duvessa misses you.
Duvessa hits you with a +0 short sword of holy wrath.
Duvessa attacks as she pursues you! Duvessa completely misses you.
Aiming: Fastroot
Press: ? - help, Shift-Dir - straight line, f/p - Duvessa
Aim: Duvessa, wielding a +0 short sword of holy wrath and wearing a +2 chain mail of willpower (fast)
The roots erupt in riotous growth!
Roots grab Duvessa.
The grasping roots constrict Duvessa.
You hear a shout!
Duvessa hits you with a +0 short sword of holy wrath.
Duvessa barely misses you.
The grasping roots constrict Duvessa.
The roots release their grip on Duvessa.
Duvessa completely misses you. Duvessa attacks as she pursues you!
Duvessa completely misses you.
Duvessa hits you with a +0 short sword of holy wrath!
Aiming: Fastroot
Press: ? - help, Shift-Dir - straight line, f/p - Duvessa
Aim: Duvessa, wielding a +0 short sword of holy wrath and wearing a +2 chain mail of willpower (lightly wounded, fast)
The roots erupt in riotous growth!
Roots grab Duvessa.
The grasping roots constrict Duvessa.
Duvessa hits you with a +0 short sword of holy wrath. x2
The grasping roots constrict Duvessa.
The roots release their grip on Duvessa.
Aiming: Fastroot
Press: ? - help, Shift-Dir - straight line, f/p - Duvessa
Aim: Duvessa, wielding a +0 short sword of holy wrath and wearing a +2 chain mail of willpower (moderately wounded, fast)
The roots erupt in riotous growth!
Roots grab Duvessa.
The grasping roots constrict Duvessa, but do no damage.
You hear a shout!
Duvessa says, "My weaknesses are his strengths!"
Duvessa hits you with a +0 short sword of holy wrath!
* * * LOW HITPOINT WARNING * * *
Duvessa hits you with a +0 short sword of holy wrath!
You die...

#.# #.#
#######.#
#.....#.#
#.###.#e#
#####.#.R.#.#
#.....#.###.#
#.#####.R<#.#
#@#########.#
#e#......e.(#
#.#.#########
#.#.# #.#.#
#...# #####


You could see Duvessa (fast, rooted).

Vanquished Creatures
  A water moccasin (D:5)
  An ice beast (D:5)
  An ogre (D:6)
  A phantom (D:6)
  Blork the orc (D:6)
  4 scorpions
  A hound (D:5)
  A jelly (D:4)
  3 orc priests
  3 sleepcaps
  2 iguanas
  4 orc wizards
  4 gnolls (D:4)
  14 adders
  2 worms
  5 dart slugs
  19 orcs
  7 endoplasms
  6 giant cockroaches
  5 goblins
  6 hobgoblins
  4 jackals (D:1)
  9 kobolds
  7 quokkas
  9 ball pythons
  6 bats
  3 frilled lizards
  5 rats
134 creatures vanquished.

Vanquished Creatures (collateral kills)
  A water moccasin (D:6)
  2 hounds
  An iguana (D:5)
  An adder (D:5)
  A white imp (D:6)
6 creatures vanquished.

Vanquished Creatures (others)
  3 ancestors
3 creatures vanquished.

Grand Total: 143 creatures vanquished

Notes
Turn   | Place    | Note
-------+----------+-------------------------------------------
     0 | D:1      | Midn8 the Deep Elf Brigand began the quest for the Orb.
     0 | D:1      | Reached XP level 1. HP: 12/12 MP: 3/3
   165 | D:1      | Reached XP level 2. HP: 13/17 MP: 4/4
   423 | D:1      | Reached XP level 3. HP: 22/22 MP: 5/5
   671 | D:1      | Reached skill level 1 in Ranged Weapons
   917 | D:2      | Reached skill level 2 in Ranged Weapons
  1186 | D:2      | Reached skill level 3 in Ranged Weapons
  1186 | D:2      | Reached XP level 4. HP: 25/28 MP: 6/6
  1660 | D:3      | Reached skill level 4 in Ranged Weapons
  1745 | D:3      | Found a faded altar of an unknown god.
  2391 | D:4      | Noticed a scorpion
  2399 | D:4      | Killed a scorpion
  2400 | D:4      | Reached skill level 5 in Ranged Weapons
  2400 | D:4      | Reached XP level 5. HP: 13/32 MP: 7/7
  2533 | D:4      | Reached skill level 6 in Ranged Weapons
  2757 | D:4      | Reached XP level 6. HP: 5/38 MP: 8/8
  3356 | D:4      | Found a staircase to the Ecumenical Temple.
  3369 | Temple   | Found a transporter.
  3369 | Temple   | Found a transporter.
  3369 | Temple   | Found a transporter.
  3369 | Temple   | Found a transporter.
  3369 | Temple   | Entered the Ecumenical Temple
  3416 | Temple   | Became a worshipper of Hepliaklqana the Forgotten
  3814 | D:5      | Entered Level 5 of the Dungeon
  3860 | D:5      | Found an iron altar of Okawaru.
  3867 | D:5      | Noticed a water moccasin
  3914 | D:5      | Found a burning altar of Makhleb.
  3924 | D:5      | Noticed an ice beast
  3956 | D:5      | HP: 1/39 [ice beast (12)]
  3959 | D:5      | Killed an ice beast
  4221 | D:5      | Reached skill level 5 in Fighting
  4221 | D:5      | Reached XP level 7. HP: 38/44 MP: 9/9
  4368 | D:5      | Reached skill level 7 in Ranged Weapons
  4679 | D:5      | Reached skill level 8 in Ranged Weapons
  5002 | D:5      | Reached * piety under Hepliaklqana
  5341 | D:5      | Found Wiseghu's Antique Armour Emporium.
  5345 | D:5      | Bought a pair of glowing boots for 195 gold pieces
  5482 | D:5      | Found a runed translucent door.
  5483 | D:5      | Noticed Crazy Yiuf
  5538 | D:5      | Reached XP level 8. HP: 34/44 MP: 10/10
  5721 | D:6      | Reached skill level 5 in Dodging
  5844 | D:6      | Noticed Blork the orc
  5864 | D:6      | Killed Blork the orc
  5865 | D:6      | Reached skill level 9 in Ranged Weapons
  5928 | D:6      | Found a transporter.
  5935 | D:6      | Noticed hgbash's ghost (novice DrCj)
  5937 | D:6      | Identified the +10 great mace "Ucwopn" {freeze, rElec}
  5937 | D:6      | Noticed a two-headed ogre
  6047 | D:6      | Reached skill level 10 in Ranged Weapons
  6324 | D:7      | Noticed Duvessa
  6328 | D:7      | Noticed Dowan
  6360 | D:7      | Slain by Duvessa

Illustrated notes

Levels and vault maps discovered:
D:1:      amcnicky_arrival_abandoned_market, layout_basic,
          minmay_strange_pillars, minmay_distorted
D:2:      layout_basic, serial_curves, eino_curves_03, eino_curves_03,
          minmay_misc_feat_secret_circle, minmay_pentomino_s4
D:3:      layout_loops_ring, shapermc_ecumenical_altar_petra
D:4:      layout_loops_corners, minmay_temple_entry_gardened_gates
D:5:      layout_gridville, mainiacjoe_overflow_catwalk, okawaru_trees_2,
          serial_shops, shop, minivault_5, st_stairs_7, nicolae_half_adder,
          uniq_crazy_yiuf_cottage
D:6:      layout_rooms, gammafunk_ghost_smash, uniq_blork_the_orc
D:7:      layout_basic, uniq_duvessa
Temple:   hellmonk_temple_divided_pantheon

Skill      XL: |  1  2  3  4  5  6  7  8 |
---------------+-------------------------+-----
Fighting       | 2 3 5 |  5.5
Ranged Weapons | 3 5 6 8 10 | 10.0
Dodging        | 4 5 |  5.0
Short Blades   | |  2.0
Throwing       | |  2.0
Stealth        | |  4.8

Action                     |  1- 3 |  4- 6 |  7- 9 || total
---------------------------+-------+-------+-------++-------
  Melee: Dagger            |    73 |    12 |       ||    85
         Short sword       |       |    58 |    33 ||    91
   Fire: Sling             |    58 |   119 |   180 ||   357
  Throw: Dart              |       |     8 |     4 ||    12
 Invoke: Ancestor Identity |       |       |     1 ||     1
         Recall Ancestor   |       |       |     1 ||     1
  Evoke: Wand              |       |       |     3 ||     3
    Use: Scroll            |     1 |     5 |     1 ||     7
         Potion            |       |     3 |       ||     3
   Stab: Sleeping          |     8 |       |       ||     8
 Armour: Robe              |    24 |    41 |    40 ||   105
  Dodge: Dodged            |    47 |    44 |    37 ||   128

Table legend: (Time is in decaauts)
 A = Elapsed time spent in this place.
 B = Non-inter-level travel time spent in this place.
 C = Inter-level travel time spent in this place.
 D = Time resting spent in this place.
 E = Time spent auto-exploring this place.
 F = Levels seen in this place.
 G = Mean time per level.
                   A        B        C        D        E       F      G
               +--------+--------+--------+--------+--------+-----+--------+
         Total |   6333 |   5889 |    444 |   1125 |   3245 |   8 |  791.6 |
       Dungeon |   6267 |   5847 |    420 |   1125 |   3245 |   7 |  895.3 |
        Temple |     65 |     41 |     24 |      0 |      0 |   1 |   65.0 |
               +--------+--------+--------+--------+--------+-----+--------+

Top non-repeatable levels by time:
     D:5: 1619 daAuts
     D:4: 1586 daAuts
     D:3: 985 daAuts
     D:1: 843 daAuts
     D:2: 622 daAuts
     D:6: 529 daAuts
     D:7: 81 daAuts
  Temple: 65 daAuts
